Construct Weapon Support Center
Selects Airborne Battlegroup
Selects Heavy Machine Gun Paradrop
Heavy Machine Gun Paradrop
Heavy Machine Gun Paradrop
Heavy Machine Gun Paradrop
Selects Paratrooper Squad Paradrop
Heavy Machine Gun Paradrop
Paratrooper Squad Paradrop
Selects Anti-tank Gun Team Paradrop
Anti-tank Gun Team Paradrop
Heavy Machine Gun Paradrop
Construct Medical Station
Anti-tank Gun Team Paradrop
M4(105) Sherman Bulldozer
Construct Weapon Support Center
Anti-tank Gun Team Paradrop
M3 Armored Personnel Carrier
Selects Paradrop Reinforcements
Selects Carpet Bombing Run
Anti-tank Gun Team Paradrop